Cogmind - Beta 9.1 @@@ ROGUE MODE // 2019.11.10 @ 16:32:33 Player: blerp Result: Destroyed by G-47 Trooper with Particle Gun Performance ------------- Evolutions (0) 0 Regions Visited (1) 200 Robots Destroyed (13) 65 Value Destroyed (193) 193 Prototype IDs (0) 0 Alien Tech Used (0) 0 Bonus (0) 0 TOTAL SCORE: 458 Bonus ------- None Cogmind --------- Core Integrity 0/250 Matter 300/300 Energy 32/100 System Corruption 10% Temperature Cool (9) Location -10/Materials Parts ------- Power (1) Propulsion (2) Utility (2) Weapon (2) Inventory (4) Sensor Array Improved Terrain Scanner Seismic Analyzer Hacking Suite Peak State ------------ Power Ion Engine Propulsion Wheel Wheel Utility Small Storage Unit Improved Terrain Scanner Weapon EM Pulse Gun Medium Laser Inventory Light Ion Engine Wheel Compact Wheel Seismic Analyzer Assault Rifle [Rating: 8] Favorites ----------- Power Ion Engine Engine Ion Engine Propulsion Wheel Wheel Wheel Utility Small Storage Unit Device ECM Suite Storage Small Storage Unit Weapon Medium Laser Energy Gun Medium Laser Ballistic Gun Assault Rifle Build | -11 -10 ------- Run | Scr Mat Slots Evolved . | . . Power . | . . Propulsion . | . . Utility . | . . Weapon . | . . Parts Attached 14 | 7 7 Power 1 | 1 . Engine 1 | 1 . Core . | . . Reactor . | . . Propulsion 4 | 2 2 Treads . | . . Leg . | . . Wheel 4 | 2 2 Hover . | . . Flight . | . . Utility 4 | 1 3 Device 3 | . 3 Storage 1 | 1 . Processor . | . . Hackware . | . . Protection . | . . Artifact . | . . Weapon 5 | 3 2 Energy Gun 4 | 2 2 Energy Cannon . | . . Ballistic Gun 1 | 1 . Ballistic Cannon . | . . Launcher . | . . Special Weapon . | . . Impact Weapon . | . . Slashing Weapon . | . . Piercing Weapon . | . . Special Melee Weapon . | . . Unidentified Prototypes . | . . Parts Lost 11 | . 11 Power 1 | . 1 Propulsion 4 | . 4 Utility 2 | . 2 Weapon 4 | . 4 Highest Loss Streak 11 | . 11 Average Slot Usage (%) 88 | . 88 Engine 11 | . 11 Wheel 25 | . 25 Device 13 | . 13 Storage 14 | . 14 Energy Gun 21 | . 21 Naked Turns 1 | . 1 Heaviest Build 14 | 13 14 Greatest Support 26 | 20 26 Greatest Overweight (x) 1 | . 1 Average Overweight (x) . | . . Largest Inventory Capacity 6 | 6 6 Average Capacity 5 | 5 5 Most Carried 6 | 6 6 Average Carried 4 | 2 5 Final Capacity 6 | 6 4 Final Carried 6 | 6 4 Class Distribution -------------------- 100% | Mutant Dominant Class ---------------- Mutant | -10/Materials Resources | -11 -10 ----------- Run | Scr Mat Matter Collected 326 | 220 106 Remotely . | . . Salvage Created 394 | 193 201 Parts 28 | 14 14 Haulers Intercepted . | . . Recyclers Shooed . | . . Parts Field Recycled . | . . Retrieved Matter . | . . Parts Self-Destructed . | . . Prevented . | . . Kills | -11 -10 ------- Run | Scr Mat Combat Hostiles Destroyed 6 | . 6 Guns 6 | . 6 Classes Destroyed 6 | 3 3 Worker 1 | 1 . Tunneler 4 | 4 . Recycler 1 | 1 . Operator 1 | . 1 Swarmer 3 | . 3 Grunt 3 | . 3 Best Kill Streak 6 | 6 3 Combat Bots Only 3 | . 3 Max Kills in Single Turn 1 | 1 1 Gunslinging . | . . Exploded . | . . Melee . | . . Uniques/NPCs Destroyed . | . . Combat | -11 -10 -------- Run | Scr Mat Damage Taken 833 | . 833 Core 253 | . 253 Absorbed by Shields . | . . Core Remaining (%) 100 | 100 . Volleys Fired 26 | 10 16 Largest 2 | 2 2 Hottest 90 | 90 90 Shots Fired 51 | 20 31 Gun 51 | 20 31 Cannon . | . . Launcher . | . . Special . | . . Kinetic . | . . Thermal 25 | 10 15 Explosive . | . . Electromagnetic 26 | 10 16 Robot Hit Streak 6 | 6 6 Robot Miss Streak 2 | 2 2 Penetration Max . | . . Secondary Targets 1 | . 1 Max Gunslinging Chain 1 | . 1 Shots Hit Robots 27 | 11 16 Core Hits 20 | 7 13 Critical Hits . | . . Critical Kills . | . . Critical Parts Destroyed . | . . Melee Attacks . | . . Impact . | . . Slashing . | . . Piercing . | . . Sneak Attacks . | . . Combat Hostiles . | . . Follow-up Attacks . | . . Damage Inflicted 398 | 170 228 Guns 364 | 170 194 Cannons . | . . Explosions . | . . Melee . | . . Ramming 34 | . 34 Kinetic . | . . Thermal 127 | 63 64 Explosive . | . . Electromagnetic 237 | 107 130 Impact . | . . Slashing . | . . Piercing . | . . Highest Corruption 10 | . 10 Average Corruption 9 | . 9 Corruption Purged . | . . Effects 2 | . 2 Message Errors 1 | . 1 Data Loss (minor) 1 | . 1 Overload Shots . | . . Overflow Damage . | . . Projectiles . | . . Explosions . | . . Melee . | . . Knockbacks . | . . Impact . | . . Kinetic . | . . Secondary . | . . Self-Inflicted Damage 15 | . 15 Shots . | . . Rammed 8 | . 8 Targets Rammed 8 | . 8 Kicked . | . . Crushed . | . . Highest Temperature 192 | 150 192 Average Temperature 71 | 58 78 Received Heat Transfer 417 | . 417 Siege Activations . | . . Robots Corrupted . | . . Combat Hostiles . | . . Parts Fried 1 | 1 . Impact Corruptions . | . . Robots Melted . | . . Combat Hostiles . | . . Parts Melted 1 | 1 . Heat Transferred 370 | 185 185 Parts Sabotaged . | . . Parts Stolen . | . . Parts Stripped . | . . Power Chain Reactions . | . . Missiles Intercepted . | . . Alert | -11 -10 ------- Run | Scr Mat Peak Influence 179 | 30 179 Average Influence 75 | 9 103 Maximum Alert Level . | . . Low Security (%) 100 | . . Level 1 . | . . Level 2 . | . . Level 3 . | . . Level 4 . | . . Level 5 . | . . High Security . | . . Max Security . | . . Squads Dispatched 1 | . 1 Investigation . | . . Extermination . | . . Reinforcement 1 | . 1 Assault . | . . Garrison . | . . Intercept . | . . Construction Impeded . | . . Haulers Reinforced . | . . Stealth | -11 -10 --------- Run | Scr Mat Distress Signals 1 | . 1 Communications Jammed . | . . Distress Signals . | . . Times Spotted 15 | . 15 Peak Tracking Total 8 | . 8 Tactical Retreats 1 | . 1 Traps | -11 -10 ------- Run | Scr Mat Traps Triggered . | . . Indirectly . | . . Trap Hack Attempts . | . . Triggered . | . . Disarmed . | . . Reprogrammed . | . . Reused . | . . Traps Extracted . | . . Installed . | . . Triggered . | . . Machines | -11 -10 ---------- Run | Scr Mat Machines Disabled 1 | . 1 Max in Single Turn 1 | . 1 Machines Sabotaged . | . . Garrisons Compromised . | . . Overloaded Fab Kills . | . . Fab Network Shutdowns . | . . Hacking | -11 -10 --------- Run | Scr Mat Machines Accessed 1 | . 1 Terminals 1 | . 1 Fabricators . | . . Repair Stations . | . . Recycling Units . | . . Scanalyzers . | . . Garrison Access . | . . Total Hacks 2 | . 2 Successful . | . . Failed 2 | . 2 Catastrophic 1 | . 1 Database Lockouts . | . . Manual 2 | . 2 Terminals 2 | . 2 Fabricators . | . . Repair Stations . | . . Recycling Units . | . . Scanalyzers . | . . Garrison Access . | . . Terminal Hacks . | . . Fabricator Hacks . | . . Repair Station Hacks . | . . Recycling Unit Hacks . | . . Scanalyzer . | . . Garrison Access Hacks . | . . Unauthorized Hacks . | . . Terminals . | . . Fabricators . | . . Repair Stations . | . . Recycling Units . | . . Scanalyzers . | . . Garrison Access . | . . Data Cores Recovered 1 | . 1 Used 1 | . 1 Hacking Detections 1 | . 1 Full Trace Events . | . . Feedback Events . | . . Feedback Blocked . | . . Robot Schematics Acquired . | . . Robots Built . | . . Matter . | . . Time . | . . Total Robot Build Rating . | . . Part Schematics Acquired . | . . Parts Built . | . . Matter . | . . Time . | . . Total Part Build Rating . | . . Parts Repaired . | . . Time . | . . Parts Recycled . | . . Recycled Matter . | . . Retrieved Matter . | . . Retrieved Components . | . . Parts Scanalyzed . | . . Part Schematics Acquired . | . . Parts Damaged . | . . Bothacking | -11 -10 ------------ Run | Scr Mat Used RIF Installer . | . . Robots Hacked . | . . Non-combat . | . . Combat . | . . Robot Hacks Applied . | . . Relay Couplers Released . | . . Robots Rewired . | . . Allies Hacked . | . . Hacks Repelled . | . . Allies | -11 -10 -------- Run | Scr Mat Total Allies . | . . Largest Group . | . . Highest-Rated Group . | . . Highest-Rated Ally . | . . Total Orders . | . . Ally Attacks . | . . Total Damage . | . . Kills . | . . Allies Corrupted . | . . Allies Melted . | . . Intel | -11 -10 ------- Run | Scr Mat Robot Analysis Total . | . . Derelict Logs Recovered . | . . Drone Launches . | . . Drone Recoveries . | . . Exploration | -11 -10 ------------- Run | Scr Mat Turns Passed 352 | 104 248 Spaces Moved 231 | 73 158 Core 6 | 1 5 Treads . | . . Legs . | . . Wheels 225 | 72 153 Hover . | . . Flight . | . . Fastest Speed 50 | 50 80 Average Speed 80 | 79 81 Slowest Speed 100 | 80 100 Overloaded Moves . | . . Propulsion Burnouts . | . . Robots Hopped . | . . Cave-ins Triggered . | . . Exploration Rate (%) 15 | 4 26 Regions Visited 1 Branch Regions . Pre-discovered Areas . | . . Known Exits Taken . | . . Unknown Exits Taken 1 | 1 . Scrap Searched . | . . Spaces Dug . | . . Terrain Destroyed 16 | . 16 Melee . | . . Projectile . | . . AOE 16 | . 16 Actions | -11 -10 --------- Run | Scr Mat Total 341 | 95 246 Wait 52 | . 52 Move 230 | 72 158 Hop . | . . Pick Up 9 | 6 3 Fast Attach 8 | 6 2 Attach 3 | . 3 Detach . | . . Swap 3 | 1 2 Drop 2 | . 2 Fire 26 | 10 16 Melee . | . . Ram 8 | . 8 Kick . | . . Crush . | . . Escape Stasis . | . . Rewire . | . . Trap . | . . Miscellaneous . | . . Route ------- -11/Scrapyard -10/Materials (discovered 1 exit: [*Min]) History --------- Turn | Location | Event 11 | -11/Scrapyard | Discovered new exit (range 16) 105 | -11/Scrapyard | Entered Materials 227 | -10/Materials | Discovered new exit (range 10) 311 | -10/Materials | System corruption reached 10% 312 | -10/Materials | Build established: Mutant 337 | -10/Materials | Core integrity fell below 50% 349 | -10/Materials | Core integrity fell below 20% 353 | -10/Materials | Destroyed by G-47 Trooper with Particle Gun Last Messages --------------- 00289_ Slammed into G-34 Mercenary. 00309_ Wheel destroyed. 00309_ System corrupted by crushing effect (+5). 00310_ Slammed into G-34 Mercenary. 00310_ Ion Engine destroyed. 00310_ System corrupted by crushing effect (+5). 00311_ System corrupted: Component data lost. 00311_ Slammed into G-47 Trooper. 00312_ Slammed into G-34 Mercenary. 00312_ Destabilizing: Core damaged (-7). 00314_ Wheel destroyed. 00321_ Acquired 3 matter. 00323_ Acquired Sml. Laser. 00328_ Acquired 37 matter. 00335_ Sml. Laser destroyed. 00344_ Com. Wheel destroyed. 00347_ ECM Suite destroyed. 00349_ R%SM3/TWDY29OY: ZUDOA4HPKR&MDGZ6